Workbook

Sheet Dados de Entrada
A1: Dados de Entrada
A3: Moto-Niveladora
A4: Hrs/Mês | F4: =F5/G16 -> 166.66667
A5: Hrs/Total | F5: 2000
A6: MÉDIA DE DIAS UTEIS MENSAL | F6: 22
A7: Ano da Contratação | F7: 2025
A9: DISCRIMINAÇÃO DOS SERVIÇOS (DADOS REFERENTES À CONTRATAÇÃO)
A10: NOME DA EMPRESA | F10: MEDIA
A11: Empresa optante pelo SIMPLES NACIONAL? | F11: SIM/NÃO? | G11: SIM
A12: Faturamento dos Ultimos 12 meses | F12: 45658 | G12: 1500000
A13: A | B13: Data de apresentação da proposta (dia/mês/ano) | G13: 45723
A14: B | B14: Município/ UF | G14: São João do Triunfo - PR
A15: C | B15: Ano Acordo, Convenção ou Sentença Normativa em Dissídio Coletivo | G15: PR001423/2024
A16: D | B16: Nº de meses de execução contratual | G16: 12
A18: Remuneração
A19: 1 | B19: Composição da remuneração | H19: Valor (R$)
A20: A | B20: Salário base | H20: 2829.2
A21: B | B21: Adicional de periculosidade (30%) | D21: SIM/NÃO | E21: NÃO | H21: =IF(E21="SIM",(H20*0.3),(0)) -> 0
A22: C | B22: Adicional de insalubridade | D22: SIM/NÃO | E22: SIM | F22: Porcentagem: | G22: 0.2 | H22: =IF(E22="SIM",(H20*G22),(0)) -> 565.84
A23: D | B23: Gratificação | G23: =G22/1 -> 0.2 | H23: 0
A24: E | B24: Hora noturna adicional - ou hora noturna reduzida | H24: 0
A25: F | B25: Adicional de hora extra no feriado | H25: 0
A26: G | B26: Outros (anexar descritivo) | H26: 0
A28: 2 | B28: GPS, FGTS e outras contribuições
A29: H | B29: Seguro Acidente do Trabalho (RATxFAP) | D29: RAT | E29: 0.03 | F29: FAT | G29: 0.5
A31: 3 | B31: Benefícios Mensais e Diários (conforme CCT)
A32: I | B32: Transporte | C32: SIM/NÃO | D32: Valor | E32: Passagens por dia | F32: Dias no mês | G32: Desconto
C33: NÃO | D33: 0 | E33: 0 | F33: 0 | G33: 0
A34: J | B34: Auxílio-Refeição/Alimentação | D34: SIM/NÃO | G34: Valor do Almoço
D35: SIM | F35: 22 | G35: 21.34
A36: C | B36: Seguro de Vida
A37: I | B37: Outros (especificar)
A39: Uniforme e EPIs
A40: ITEM | B40: ESPECIFICAÇÕES | E40: UNIDADE | F40: QUANT. ANUAL POR EMPREGADO | G40: Valor Un. | H40: Valor Total
A41: 1 | B41: Camiseta, manga curta, algodão | E41: un. | F41: 5 | G41: 53.19 | H41: =F41*G41 -> 265.95
A42: 2 | B42: Calça brim | E42: un. | F42: 3 | G42: 70.04 | H42: =F42*G42 -> 210.12
A43: 3 | B43: Calçado segurança | E43: par | F43: 2 | G43: 74.27 | H43: =F43*G43 -> 148.54
A44: 4 | B44: Jaqueta | E44: un. | F44: 2 | G44: 190.66 | H44: =F44*G44 -> 381.32
A45: 5 | B45: Abafador de Ruído | E45: un. | F45: 2 | G45: 41.77 | H45: =F45*G45 -> 83.54
A47: Custos Indiretos, Lucro e Tributos
A48: 4 | B48: Custos Indiretos, Tributos e Lucro | H48: (%) | I48: Valor (R$)
A49: A | B49: Custos indiretos (custos administrativos, contábeis) | H49: 0.02 | I49: =(('COMP. CUSTO'!H108+'COMP. CUSTO'!H118)*F4)*H49 -> 807.67521
A50: B | B50: Lucro | H50: 0.32 | I50: =(('COMP. CUSTO'!H108+'COMP. CUSTO'!H118+(I49/F4))*F4)*H50 -> 13181.259
A52: Preencher somente se NÃO for optante do Simples Nacional
A53: B | B53: Tributos | H53: =SUM(H54:I56) -> 0
A54: B.1 | C54: Tributos Federais | D54: PIS | H54: 0
A55: B.2 | D55: COFINS | H55: 0
A56: B.3 | C56: Tibutos Municipais | D56: ISS | H56: 0
A58: Custos variáveis
A59: 1 | B59: DESCRIÇÃO | E59: VALOR LITRO | G59: MÉDIA L/Hrs
A60: A | B60: Óleo diesel | E60: 6.28 | G60: 18
E61: MÉDIA ANP (data da proposta)
A63: 2 | B63: DESCRIÇÃO | E63: Valor litro
A64: B | B64: Valor do litro de lubrificante Motor | E64: 31.9
A65: C | B65: Quant. Lubrificante na troca (L) | E65: 20
A66: D | B66: horas trabalhadas por troca | E66: 300
A68: 3 | B68: DESCRIÇÃO | E68: Valor litro
A69: E | B69: Valor do litro do Óleo da Caixa | E69: 38.09
A70: F | B70: Quant. Lubrificante na troca (L) | E70: 98
A71: G | B71: horas trabalhadas por troca | E71: 1000
A73: 4 | B73: DESCRIÇÃO | E73: Valor litro
A74: H | B74: Valor do litro do Óleo da Transmissão | E74: 32.88
A75: I | B75: Quant. Lubrificante na troca (L) | E75: 98
A76: J | B76: horas trabalhadas por troca | E76: 1000
A78: 5 | B78: DESCRIÇÃO | E78: Valor litro
A79: K | B79: Valor do litro do Óleo do Hidraulico | E79: 37.82
A80: L | B80: Quant. Lubrificante na troca (L) | E80: 40
A81: M | B81: horas trabalhadas por troca | E81: 5000
A83: 6 | B83: DESCRIÇÃO | E83: Valor unitário
A84: N | B84: Preço do pneu utilizado | E84: 3831.86
A85: O | B85: Quantidade de pneus/troca | E85: 6
A86: P | B86: Vida útil dos pneus por horas trabalhadas | E86: 800
A88: 7 | B88: DESCRIÇÃO | E88: Valor litro
A89: Q | B89: Valor da Lâmina de Corte | E89: 1572.33
A90: R | B90: Quantia de lâminas por troca | E90: 2
A91: S | B91: Vida útil das Lâminas por horas trabalhadas | E91: 500
A93: 8 | B93: DESCRIÇÃO | E93: Custo/Mensal
A94: T | B94: Custo Manutenção Mecânica corretiva Mensal | E94: 3049.41
A96: Informações da Máquina
A97: 1 | B97: DESCRIÇÃO DA MONIVELADORA
A98: A | B98: Marca e Modelo | E98: XCMG
A99: B | B99: Ano de fabricação da Máquina | E99: 2017
A100: C | B100: Valor da Máquina 0 Km | E100: 1100000
O103: ç

Sheet COMP. CUSTO
A1: Composição do Custo
A3: Empresa optante pelo SIMPLES NACIONAL? | F3: SIM/NÃO? | G3: ='Dados de Entrada'!G11:I11 -> SIM
A4: Hrs/Mês | F4: ='Dados de Entrada'!F4:I4 -> 166.66667
A5: MÉDIA DE DIAS UTEIS MENSAL | F5: ='Dados de Entrada'!F6:I6 -> 22
A7: MÃO-DE-OBRA
A8: MÃO-DE-OBRA VINCULADA À EXECUÇÃO CONTRATUAL
A9: Dados complementares para composição dos custos referente à mão-de-obra
A10: 1 | B10: Tipo do serviço | H10: Operador de Motoniveladora
A11: 2 | B11: Classificação Brasileira de Ocupações (CBO) | H11: 7151-30
A12: 3 | B12: Salário Normativo da Categoria Profissional | H12: ='Dados de Entrada'!H20:I20 -> 2829.2
A13: 4 | B13: Categoria profissional | H13: =H10 -> Operador de Motoniveladora
A14: 5 | B14: Data base da categoria | H14: 45047
A16: Composição da Remuneração
A17: 1 | B17: Módulo 1: Remuneração | H17: Valor (R$)
A18: TOTAL DA REMUNERAÇÃO | H18: =SUM('Dados de Entrada'!H20:I26) -> 3395.04
A20: Encargos, e Beneficios Anuais, mensais e diários
A21: Submódulo 2.1 - 13º (décimo terceiro) salário e adicional de férias
A22: 2.1 | B22: 13º salário e adicional de férias | H22: (%) | I22: Valor (R$)
A23: A | B23: 13º salário | H23: =100%/12 -> 0.083333333 | I23: =(H12*H23) -> 235.76667
A24: B | B24: Adicional de Férias | H24: =(100%/12)/3 -> 0.027777778 | I24: =H12*H24 -> 78.588889
B25: Sub-total | H25: =H23+H24 -> 0.11111111
A26: C | B26: Incidência de FGTS E Encargos Previdenciários | H26: =H25*H34 -> 0.0088888889 | I26: =H12*H26 -> 25.148444
A27: SUBTOTAL | H27: =SUM(H25:H26) -> 0.12 | I27: =SUM(I23:I26) -> 339.504
A29: Submódulo 2.2 - Encargos previdenciários (GPS), Fundo de Garantia por Tempo de Serviço (FGTS) e outras contribuições
A30: 2.2 | B30: GPS, FGTS e outras contribuições | H30: (%) | I30: Valor (R$)
A31: A | B31: INSS | H31: 0.2 | I31: =IF(G3="não",(H18+I27)*H31,0) -> 0
A32: B | B32: Seguro Acidente do Trabalho (RATxFAP) | D32: RAT | E32: ='Dados de Entrada'!E29 -> 0.03 | F32: FAT | G32: ='Dados de Entrada'!G29 -> 0.5 | H32: =E32*G32 -> 0.015 | I32: =IF(G3="Não",(H18+I27)*H32,0) -> 0
A33: C | B33: FGTS | H33: 0.08 | I33: =(H18+I27)*H33 -> 298.76352
A34: TOTAL | H34: =IF(G3="SIM",(H33),(H31:H33)) -> 0.08 | I34: =SUM(I31:I33) -> 298.76352
A36: Submódulo 2.3 - Benefícios Mensais e Diários
A37: 2.3 | B37: Benefícios Mensais e Diários (conforme CCT) | H37: Valor (R$)
A38: A | B38: Transporte | C38: SIM/NÃO | D38: Valor | E38: Passagens por dia | F38: Dias no mês | G38: Desconto | H38: =IF(C39="NÃO",0,((D39*E39)*F39)-G39) -> 0
C39: ='Dados de Entrada'!C33 -> NÃO | D39: ='Dados de Entrada'!D33 -> 0 | E39: ='Dados de Entrada'!E33 -> 0 | F39: ='Dados de Entrada'!F33 -> 0 | G39: ='Dados de Entrada'!G33 -> 0
A40: B | B40: Auxílio-Refeição/Alimentação | D40: SIM/NÃO | G40: Valor do Almoço | H40: =IF(D41="sim",(G41*F5),0) -> 469.48
D41: ='Dados de Entrada'!D35 -> SIM | G41: ='Dados de Entrada'!G35 -> 21.34
A42: C | B42: Seguro de Vida | H42: ='Dados de Entrada'!G36 -> 0
A43: I | B43: Outros (especificar) | H43: ='Dados de Entrada'!G37 -> 0
A44: TOTAL | H44: =SUM(H38:I43) -> 469.48
A46: QUADRO RESUMO DO MÓDULO 2 - ENCARGOS E BENEFÍCIOS ANUAIS, MENSAIS E DIÁRIOS
A47: 2 | B47: Encargos e Benefícios Anuais, Mensais e Diários | H47: Valor (R$)
A48: 2.1 | B48: 13º (décimo terceiro) Salário e Adicional de Férias | H48: =I27 -> 339.504
A49: 2.2 | B49: GPS, FGTS e outras contribuições | H49: =I34 -> 298.76352
A50: 2.3 | B50: Benefícios Mensais e Diários | H50: =H44 -> 469.48
A51: TOTAL | H51: =SUM(H48:I50) -> 1107.7475
A53: Uniforme e EPIs
A54: 1 | B54: Descrição | H54: Valor (R$)
A55: A | B55: Total dos EPIs | H55: =SUM('Dados de Entrada'!H41:I45) -> 1089.47
A57: BDI
A58: 4 | B58: Custos Indiretos, Tributos e Lucro | I58: Valor (R$)
A59: A | B59: Custos indiretos (custos administrativos, contábeis) | I59: ='Dados de Entrada'!I49 -> 807.67521
A60: B | B60: Lucro | I60: ='Dados de Entrada'!I50 -> 13181.259
A62: C | B62: Tributos | H62: =SUM(H63:H65) -> 0 | I62: =IF(G3="NÃO",(I59+H18+H51+#REF!)/(1-H62)*H62,0) -> 0
A63: B.1 | C63: Tributos Federais | D63: PIS | H63: ='Dados de Entrada'!H54:I54 -> 0 | I63: =IF(G3="NÃO",(H115*F4)/(1-H62)*H63,0) -> 0
A64: B.2 | D64: COFINS | H64: ='Dados de Entrada'!H55:I55 -> 0 | I64: =IF(G3="NÃO",(I59+H18+H51+#REF!)/(1-H62)*H64,0) -> 0
A65: B.3 | C65: Tibutos Municipais | D65: ISS | H65: ='Dados de Entrada'!H56:I56 -> 0 | I65: =IF(G3="NÃO",(I59+H18+H51+#REF!)/(1-H62)*H65,0) -> 0
A66: Empresa optante SIMPLES NACIONAL
A67: D | B67: Tributos | H67: =SUM(H68:H70) -> 0.06689384 | I67: =IF(G3="SIM",(H18+H51+H55+I59+I60+H116)/(1-H67)*H67,0) -> 3897.947
A68: B.1 | C68: Tributos Federais | D68: PIS | H68: =IF(G3="SIM",Simples!E7,0) -> 0.004032704 | I68: =IF(G3="SIM",(H18+H51+H55+I59+I60+H116)/(1-H67)*H68,0) -> 234.98825
A69: B.2 | D69: COFINS | H69: =IF(G3="SIM",Simples!D7,0) -> 0.018583136 | I69: =IF(G3="SIM",(H18+H51+H55+I59+I60+H116)/(1-H67)*H69,0) -> 1082.8513
A70: B.3 | C70: Tibutos Municipais | D70: ISS | H70: =IF(G3="SIM",Simples!G7,0) -> 0.044278 | I70: =IF(G3="SIM",(H18+H51+H55+I59+I60+H116)/(1-H67)*H70,0) -> 2580.1075
A71: TOTAL | I71: =SUM(I59:I70) -> 21784.829
A73: Custos Váriaveis do Seriço
A74: 1 | B74: DESCRIÇÃO | E74: Custo/Hora
A75: A | B75: Óleo diesel | E75: ='Dados de Entrada'!E60:F60*'Dados de Entrada'!G60 -> 113.04
A77: 2 | B77: DESCRIÇÃO | E77: Custo/Hora
A78: B | B78: Valor do litro de lubrificante Motor | E78: =('Dados de Entrada'!E64*'Dados de Entrada'!E65)/'Dados de Entrada'!E66 -> 2.1266667
A80: 3 | B80: DESCRIÇÃO | E80: Custo/Hora
A81: E | B81: Valor do litro do Óleo da Caixa | E81: =('Dados de Entrada'!E69*'Dados de Entrada'!E70)/'Dados de Entrada'!E71 -> 3.73282
A83: 4 | B83: DESCRIÇÃO | E83: Custo/Hora
A84: H | B84: Valor do litro do Óleo da Transmissão | E84: =('Dados de Entrada'!E74*'Dados de Entrada'!E75)/'Dados de Entrada'!E76 -> 3.22224
A86: 5 | B86: DESCRIÇÃO | E86: Custo/Hora
A87: K | B87: Valor do litro do Óleo do Hidraulico | E87: =('Dados de Entrada'!E79*'Dados de Entrada'!E80)/'Dados de Entrada'!E81:F81 -> 0.30256
A89: 6 | B89: DESCRIÇÃO | E89: Custo/Hora
A90: N | B90: Preço do pneu utilizado | E90: =('Dados de Entrada'!E84*'Dados de Entrada'!E85)/'Dados de Entrada'!E86 -> 28.73895
A92: 7 | B92: DESCRIÇÃO | E92: Custo/Hora
A93: Q | B93: Valor da Lâmina de Corte | E93: =('Dados de Entrada'!E89*'Dados de Entrada'!E90)/'Dados de Entrada'!E91 -> 6.28932
A95: 8 | B95: DESCRIÇÃO | E95: Custo Anual
A96: T | B96: Custo Manutenção Mecânica corretiva Anual | E96: ='Dados de Entrada'!E94*12 -> 36592.92
A98: Informações da Máquina
A99: 1 | B99: MONIVELADORA | E99: Depreciação Anual
A100: A | B100: Depreciação da Motoniveladora | E100: =Depreciação!L8 -> 66000
A102: QUADRO RESUMO DO COMPOSIÇÃO DE CUSTO
A103: A | B103: Composição da Remuneração | H103: =H18 -> 3395.04
A104: B | B104: Encargos e Benefícios Anuais, Mensais e Diários | H104: =H51 -> 1107.7475
A105: C | B105: Uniforme e EPI | H105: ='COMP. CUSTO'!H55:I55 -> 1089.47
A106: SUBTOTAL (A+B+C+D+E) | H106: =SUM(H103:I105) -> 5592.2575
A107: RELAÇÃO OPERADOR/HORA
A108: D | B108: CUSTO DO OPERADOR/HORA | H108: =H106/'Dados de Entrada'!F4 -> 33.553545
A110: E | B110: BDI | H110: =(I71/F4) -> 130.70897
A112: F | B112: Custos variáveis de manutenção | H112: =E75+E78+E81+E84+E87+E90+E93 -> 157.45256
A113: G | B113: Custos fixos de manutenção | H113: =E96/'Dados de Entrada'!F5 -> 18.29646
A114: H | B114: Depreciação da Máquina | H114: =E100/'Dados de Entrada'!F5 -> 33
A115: SUBTOTAL (A+B+C) | H115: =SUM(H112:I114) -> 208.74902
A116: TOTAL MENSAL DE MANUTENÇÃO | H116: =H115*F4 -> 34791.503
A117: RELAÇÃO MANUTENÇÃO/HORA
A118: H | B118: CUSTO DO MANUTENÇÃO/HORA | H118: =H115 -> 208.74902
A120: RELAÇÃO ((OPERADOR+MANUTENÇÃO+BDI)/HORA)
A121: I | B121: VALOR HORA TRABALHADA | H121: =ROUND(H108+H110+H118,2) -> 373.01
A123: VALOR TOTAL
A124: J | B124: VALOR GLOBAL DA COTAÇÃO | H124: =H121*'Dados de Entrada'!F5 -> 746020
...

Sheet Simples
A1: PERÍODO DE APURAÇÃO | B1: RECEITA BRUTA DOS ÚLTIMO 12 MESES ANTERIORES AO PERÍODO DE APURAÇÃO | C1: ALIQUOTA NOMINAL | D1: VLR Deduzir
A3: ='Dados de Entrada'!F12 -> 45658 | B3: ='Dados de Entrada'!G12 -> 1500000 | C3: =IF(B3<=C11,D11,IF(B3<=C12,D12,IF(B3<=C13,D13,IF(B3<=C14,D14,IF(B3<=C15,D15,IF(B3<=C16,D16,)))))) -> 0.16 | D3: =IF(B3<=C11,E11,IF(B3<=C12,E12,IF(B3<=C13,E13,IF(B3<=C14,E14,IF(B3<=C15,E15,IF(B3<=C16,E16,)))))) -> 35640
A5: ALIQUOTA EFETIVA | B5: PERCENTUAIS EFETIVOS DOS TRIBUTOS
B6: IRPJ | C6: CSLL | D6: COFINS | E6: PIS | F6: CPP | G6: ISS
A7: =((B3*C3)-D3)/B3 -> 0.13624 | B7: =IF(B3<=C11,A7*A22,IF(B3<=C12,A7*A23,IF(B3<=C13,A7*A24,IF(B3<=C14,A7*A25,IF(B3<=C15,A7*A26,IF(B3<=C16,A7*A27,)))))) -> 0.0054496 | C7: =IF(B3<=C11,A7*B22,IF(B3<=C12,A7*B23,IF(B3<=C13,A7*B24,IF(B3<=C14,A7*B25,IF(B3<=C15,A7*B26,IF(B3<=C16,A7*B27,)))))) -> 0.0047684 | D7: =IF(B3<=C11,A7*C22,IF(B3<=C12,A7*C23,IF(B3<=C13,A7*C24,IF(B3<=C14,A7*C25,IF(B3<=C15,A7*C26,IF(B3<=C16,A7*C27,)))))) -> 0.018583136 | E7: =IF(B3<=C11,A7*D22,IF(B3<=C12,A7*D23,IF(B3<=C13,A7*D24,IF(B3<=C14,A7*D25,IF(B3<=C15,A7*D26,IF(B3<=C16,A7*D27,)))))) -> 0.004032704 | F7: =IF(B3<=C11,A7*E22,IF(B3<=C12,A7*E23,IF(B3<=C13,A7*E24,IF(B3<=C14,A7*E25,IF(B3<=C15,A7*E26,IF(B3<=C16,A7*E27,)))))) -> 0.05912816 | G7: =IF(B3<=C11,A7*F22,IF(B3<=C12,A7*F23,IF(B3<=C13,A7*F24,IF(B3<=C14,A7*F25,IF(B3<=C15,A7*F26,IF(B3<=C16,A7*F27,)))))) -> 0.044278
A9: ALÍQUOTAS E PARTILHA DO SIMPLES NACIONAL - RECEITAS DECORRENTES DA PRESTAÇÃO DE SERVIÇOS RELACIONADOS NO INCISO IV DO § 1° DO ART.25
A10: Receita - Faixas | B10: Limite Inferior | C10: Limite superior | D10: Aliquota Nominal | E10: VLR Deduzir
A11: 1° faixa | B11: R$ - | C11: 180000 | D11: 0.06
A12: 2° faixa | B12: 180000.01 | C12: 360000 | D12: 0.112 | E12: 9360
A13: 3° faixa | B13: 360000.01 | C13: 720000 | D13: 0.135 | E13: 17640
A14: 4° faixa | B14: 720000.01 | C14: 1800000 | D14: 0.16 | E14: 35640
A15: 5° faixa | B15: 1800000 | C15: 3600000 | D15: 0.21 | E15: 125640
A16: 6° faixa | B16: 3600000 | C16: 4800000 | D16: 0.33 | E16: 648000
A19: PERCENTUAIS DE REPARTIÇÃO DOS TRIBUTOS
A21: IRPJ | B21: CSLL | C21: Cofins | D21: PIS/PASEP | E21: CPP | F21: ISS(*)
A22: 0.04 | B22: 0.035 | C22: 0.1282 | D22: 0.0278 | E22: 0.434 | F22: 0.335
A23: 0.04 | B23: 0.035 | C23: 0.1405 | D23: 0.0305 | E23: 0.434 | F23: 0.32
A24: 0.04 | B24: 0.035 | C24: 0.1364 | D24: 0.0296 | E24: 0.434 | F24: 0.325
A25: 0.04 | B25: 0.035 | C25: 0.1364 | D25: 0.0296 | E25: 0.434 | F25: 0.325
A26: 0.04 | B26: 0.035 | C26: 0.1282 | D26: 0.0278 | E26: 0.434 | F26: 0.335
A27: 0.35 | B27: 0.15 | C27: 0.1603 | D27: 0.0347 | E27: 0.305 | F27: -
A30: UTILIZAR APENAS QUANDO A ALÍQUOTA EFETIVA SUPERAR A 14,92537%
A31: ALIQUOTA EFETIVA | B31: PERCENTUAIS EFETIVOS DOS TRIBUTOS
B32: IRPJ | C32: CSLL | D32: COFINS | E32: PIS | F32: CPP | G32: ISS
A33: =A7 -> 0.13624 | B33: =(A33-5%)*6.02% -> 0.005191648 | C33: =(A33-5%)*5.26% -> 0.004536224 | D33: =(A33-5%)*19.28% -> 0.016627072 | E33: =(A33-5%)*4.18% -> 0.003604832 | F33: =(A33-5%)*65.26% -> 0.056280224 | G33: 0.05

Sheet Depreciação
B1: Idade da Máquina | D1: =(2025-'Dados de Entrada'!E99) -> 8
B2: Valor da máquina | D2: ='Dados de Entrada'!E100 -> 1100000
B3: Nº de meses de execução contratual | D3: ='Dados de Entrada'!G16 -> 12
B4: idade da máquina | D4: ='Dados de Entrada'!E99 -> 2017
B5: Ano da Contratação | D5: 2025
B7: Idade | C7: i/v | D7: Depreciação Bom Estado | E7: Percentual de depreciação | F7: Depreciação Anual | H7: Idade | I7: i/v | J7: Depreciação Bom Estado | K7: Percentual de depreciação | L7: Depreciação Anual
B8: 0 | C8: 0 | D8: 0.95 | E8: =1-D8 -> 0.05 | F8: =(D2*E8) -> 55000 | H8: =VLOOKUP(D1,B7:F18,1,FALSE) -> 8 | I8: =VLOOKUP(D1,B8:F18,2,FALSE) -> 0.8 | J8: =VLOOKUP(D1,B8:F18,3,FALSE) -> 0.41 | K8: =VLOOKUP(D1,B8:F18,4,FALSE) -> 0.06 | L8: =VLOOKUP(D1,B8:F18,5,FALSE) -> 66000
B9: 1 | C9: 0.1 | D9: 0.87 | E9: =D8-D9 -> 0.08 | F9: =(D2*E9) -> 88000
B10: 2 | C10: 0.2 | D10: 0.79 | E10: =D9-D10 -> 0.08 | F10: =D2*E10 -> 88000
B11: 3 | C11: 0.3 | D11: 0.72 | E11: =D10-D11 -> 0.07 | F11: =D2*E11 -> 77000
B12: 4 | C12: 0.4 | D12: 0.65 | E12: =D11-D12 -> 0.07 | F12: =D2*E12 -> 77000
B13: 5 | C13: 0.5 | D13: 0.58 | E13: =D12-D13 -> 0.07 | F13: =D2*E13 -> 77000
B14: 6 | C14: 0.6 | D14: 0.52 | E14: =D13-D14 -> 0.06 | F14: =D2*E14 -> 66000
B15: 7 | C15: 0.7 | D15: 0.47 | E15: =D14-D15 -> 0.05 | F15: =D2*E15 -> 55000
B16: 8 | C16: 0.8 | D16: 0.41 | E16: =D15-D16 -> 0.06 | F16: =D2*E16 -> 66000
B17: 9 | C17: 0.9 | D17: 0.36 | E17: =D16-D17 -> 0.05 | F17: =D2*E17 -> 55000
B18: 10 | C18: 1 | D18: 0.32 | E18: =D17-D18 -> 0.04 | F18: =D2*E18 -> 44000
B21: Fonte dos Dados da depreciação | D21: https://drive.google.com/file/d/1Wl6cI6enNXfsc6g2llfQVGgfGcICveQ0/view?usp=sharing
